 Dungeon Crawl Stone Soup version 0.22-a0-433-gd2a9cce (webtiles) character file.

547395 nikopol the Archmage (level 24, 0/121 HPs)
             Began as a Deep Elf Fire Elementalist on May 26, 2018.
             Was the Champion of Vehumet.
             Splashed by a caustic shrike's acid (4 damage)
             ... on level 2 of the Depths on May 27, 2018.
             The game lasted 05:33:46 (59321 turns).

nikopol the Archmage (Deep Elf Fire Elementalist)  Turns: 59321, Time: 05:33:47

Health: 0/121      AC: 10    Str: 15    XL:     24   Next: 94%
Magic:  35/56      EV: 19    Int: 39    God:    Vehumet [******]
Gold:   3672       SH: 11    Dex: 21    Spells: 23/77 levels left

rFire    + + +     SeeInvis +   R - staff of fire
rCold    + + +     Gourm    .   X - +2 buckler {AC+3}
rNeg     . . .     Faith    .   W - +2 robe {Archmagi}
rPois    +         Spirit   .   Y - +2 helmet {Int+3}
rElec    +         Reflect  .   A - +2 cloak {rC+}
rCorr    +         Harm     .   T - +1 pair of gloves
MR       +....                  q - +2 pair of boots of the Oligarchy {rF- rC++ SInv Stlth+}
Stlth    +++++.....             n - amulet of Ihicesu {+Blink rF+ rC+ MR- Regen+}
HPRegen  0.70/turn              u - ring of Suspected Treachery {rElec rPois rF+ Int+3 Dex+6}
MPRegen  0.35/turn              a - ring "Ixkot" {rCorr *Drain rF+ Str+10}

@: corroded, studying Summonings
A: no striking features
}: 3/15 runes: barnacled, silver, gossamer
a: Renounce Religion, Evoke Blink


You were on level 2 of the Depths.
You worshipped Vehumet.
Vehumet was exalted by your worship.
You were hungry.

You visited 7 branches of the dungeon, and saw 38 of its levels.
You visited the Abyss 1 time.
You also visited: Labyrinth, Ice Cave and Wizlab.

You collected 6987 gold pieces.
You spent 3315 gold pieces at shops.

Inventory:

Armour
 q - the +2 pair of boots of the Oligarchy (worn) {rF- rC++ SInv Stlth+}
   (You acquired it on level 2 of the Spider Nest)

   It makes you vulnerable to fire.
   It greatly protects you from cold.
   It lets you see invisible.
   It makes you more stealthy.
 A - a +2 cloak of cold resistance (worn)
 T - a +1 pair of gloves (worn)
 W - a +2 robe of the Archmagi (worn)
 X - a +2 buckler of protection (worn)
 Y - a +2 helmet of intelligence (worn)
Magical Staves
 R - an uncursed staff of fire (weapon)
Jewellery
 a - the ring "Ixkot" (right hand) {rCorr *Drain rF+ Str+10}
   (You found it in a wizard's laboratory)

   [ring of resist corrosion]

   It affects your strength (+10).
   It protects you from fire.
   It causes draining when unequipped.
 n - the amulet of Ihicesu (around neck) {+Blink rF+ rC+ MR- Regen+}
   (You acquired it on level 14 of the Dungeon)

   [amulet of regeneration]

   It protects you from fire.
   It protects you from cold.
   It affects your resistance to hostile enchantments.
   It lets you blink.
   It increases your rate of regeneration.
 t - a ring of the Octopus King {AC+1 EV+1 Str+1 Int+1 Dex+1 SInv}
   (You found it in an ice cave)

   [ring of see invisible]

   It affects your AC (+1).
   It affects your evasion (+1).
   It affects your strength (+1).
   It affects your intelligence (+1).
   It affects your dexterity (+1).
   It lets you see invisible.
 u - the ring of Suspected Treachery (left hand) {rElec rPois rF+ Int+3 Dex+6}
   (You took it off a merfolk on level 4 of the Shoals)

   [ring of poison resistance]

   It affects your intelligence (+3).
   It affects your dexterity (+6).
   It protects you from fire.
   It insulates you from electricity.
   It protects you from poison.
 w - the ring "Gocki" {+Fly rF++ rC+ Str+2}
   (You found it in a wizard's laboratory)

   [ring of protection from cold]

   It affects your strength (+2).
   It greatly protects you from fire.
   It protects you from cold.
   It lets you fly.
Wands
 z - a wand of scattershot (8)
 D - a wand of clouds (4)
 F - a wand of acid (14)
 G - a wand of iceblast (39)
 L - a wand of polymorph (24)
 M - a wand of paralysis (30)
 O - a wand of digging (57)
 Q - a wand of enslavement (25)
 V - a wand of disintegration (60)
 Z - a wand of flame (45)
Scrolls
 b - a scroll of holy word
 e - a scroll of silence
 f - 10 scrolls of teleportation
 g - 16 scrolls of remove curse
 m - 13 scrolls of amnesia
 p - 6 scrolls of magic mapping
 v - a scroll of identify
 x - 8 scrolls of enchant weapon
 y - 7 scrolls of blinking
 B - 9 scrolls of fog
 J - 6 scrolls of fear
 N - 3 scrolls of enchant armour
 S - 2 scrolls of summoning
Potions
 d - 12 potions of heal wounds
 h - 14 potions of agility
 i - 6 potions of might
 j - 3 potions of magic
 k - 7 potions of resistance
 l - 13 potions of brilliance
 o - 7 potions of ambrosia
 r - 18 potions of curing
 s - 5 potions of haste
 H - 2 potions of invisibility
 I - 3 potions of flight
 P - 4 potions of lignification
 U - 5 potions of mutation
Books
 E - a manual of Summonings
Comestibles
 c - 64 rations
 K - 13 chunks of flesh


   Skills:
 + Level 4.1 Fighting
   Level 0.4 Short Blades
 + Level 8.5 Dodging
 + Level 5.9 Stealth
 * Level 14.5 Shields
 O Level 27 Spellcasting
 + Level 20.8 Conjurations
 + Level 2.1 Translocations
 + Level 23.2 Fire Magic
 + Level 3.1 Air Magic
 + Level 12.0 Earth Magic
 + Level 2.3 Evocations


You had 23 spell levels left.
You knew the following spells:

 Your Spells              Type           Power        Failure   Level  Hunger
a - Flame Tongue          Conj/Fire      #####        0%          1    None
b - Throw Flame           Conj/Fire      ######       0%          2    None
c - Conjure Flame         Conj/Fire      ########     0%          3    None
d - Sticky Flame          Conj/Fire      ########     0%          4    None
e - Fireball              Conj/Fire      #########.   0%          5    None
f - Iron Shot             Conj/Erth      ########..   1%          6    None
g - Bolt of Magma         Conj/Fire/Erth #########.   0%          5    None
h - Blink                 Tloc           N/A          1%          2    None
i - Ignition              Fire           #########.   1%          8    None
j - Fire Storm            Conj/Fire      #########.   1%          9    None
k - Tornado               Air            #######...   100%        9    None

Your spell library contained the following spells:

 Spells                   Type           Power        Failure   Level  Hunger
 Cause Fear               Hex            ######....   3%          4    None
 Magic Dart               Conj           ####         0%          1    None
 Bolt of Cold             Conj/Ice       ########..   1%          6    None
 Lightning Bolt           Conj/Air       ########..   1%          5    None
 Slow                     Hex            ######..     1%          2    None
 Confuse                  Hex            ######..     1%          3    None
 Throw Frost              Conj/Ice       ######       0%          2    None
 Freezing Cloud           Conj/Ice/Air   ########..   1%          6    None
 Mephitic Cloud           Conj/Pois/Air  ########     1%          3    None
 Ring of Flames           Chrm/Fire      ########..   2%          7    None
 Venom Bolt               Conj/Pois      ########..   1%          5    None
 Summon Small Mammal      Summ           ####         1%          1    None
 Summon Horrible Things   Summ           ######....   100%        8    None
 Animate Dead             Necr           N/A          3%          4    None
 Pain                     Necr           ####         1%          1    None
 Animate Skeleton         Necr           N/A          1%          1    None
 Vampiric Draining        Necr           ######....   1%          3    None
 Freeze                   Ice            ####         1%          1    None
 Summon Ice Beast         Ice/Summ       ######..     3%          4    None
 Ozocubu's Armour         Chrm/Ice       ######..     1%          3    None
 Call Imp                 Summ           ######..     1%          2    None
 Regeneration             Chrm/Necr      ######....   1%          3    None
 Sting                    Conj/Pois      ####         0%          1    None
 Sublimation of Blood     Necr           ######....   1%          2    None
 Tukima's Dance           Hex            ######..     1%          3    None
 Summon Greater Demon     Summ           ######....   95%         7    None
 Recall                   Summ/Tloc      N/A          1%          3    None
 Statue Form              Tmut/Erth      #######..    4%          6    None
 Dragon Form              Tmut           ######....   95%         7    None
 Death Channel            Necr           ######....   45%         6    None
 Throw Icicle             Conj/Ice       ########     1%          4    None
 Confusing Touch          Hex            ######       1%          1    None
 Ignite Poison            Fire/Tmut/Pois ########     1%          3    None
 Call Canine Familiar     Summ           ######..     1%          3    None
 Ensorcelled Hibernation  Hex/Ice        ######       1%          2    None
 Metabolic Englaciation   Hex/Ice        ######....   9%          5    None
 Shatter                  Erth           ########..   50%         9    None
 Static Discharge         Conj/Air       ########     0%          3    None
 Corona                   Hex            ######.      1%          1    None
 Alistair's Intoxication  Tmut/Pois      ######..     9%          5    None
 Simulacrum               Ice/Necr       ######....   45%         6    None
 Excruciating Wounds      Chrm/Necr      ######....   9%          5    None
 Portal Projectile        Hex/Tloc       ######       1%          3    None
 Monstrous Menagerie      Summ           ######....   95%         7    None
 Petrify                  Tmut/Erth      #######.     1%          4    None
 Orb of Destruction       Conj           ########..   1%          7    None
 Malign Gateway           Summ/Tloc      ######....   88%         7    None
 Leda's Liquefaction      Hex/Erth       #######...   1%          4    None
 Shroud of Golubria       Chrm/Tloc      ######....   1%          2    None
 Inner Flame              Hex/Fire       ########     0%          3    None
 Aura of Abjuration       Summ           ######....   9%          5    None
 Iskenderun's Battlesphe  Conj/Chrm      ########     1%          5    None
 Fulminant Prism          Conj/Hex       ########..   1%          4    None
 Dazzling Spray           Conj/Hex       ######       0%          3    None
 Summon Forest            Summ/Tloc      ######....   6%          5    None
 Summon Lightning Spire   Summ/Air       #######.     1%          4    None
 Summon Guardian Golem    Hex/Summ       ######..     1%          3    None
 Spellforged Servitor     Conj/Summ      ########..   1%          7    None
 Summon Mana Viper        Hex/Summ       ######..     9%          5    None
 Hydra Form               Tmut           ######....   45%         6    None
 Irradiate                Conj/Tmut      ########..   1%          5    None
 Gell's Gravitas          Tloc           #######...   1%          3    None
 Yara's Violent Unravell  Hex/Tmut       ######....   2%          5    None
 Borgnjor's Vile Clutch   Necr/Erth      #######...   1%          5    None


Dungeon Overview and Level Annotations

Branches:
Dungeon (15/15)            Temple (0/1) D:7            Lair (6/6) D:11
 Shoals (4/4) Lair:4       Spider (4/4) Lair:3        Slime (0/5) Lair:6
    Orc (2/2) D:10            Elf (0/3) Orc:2        Vaults (5/5) D:14
  Crypt (0/3) Vaults:3     Depths (2/5) D:15

Altars:
Cheibriados
Elyvilon
Fedhas
Gozag
Hepliaklqana
Kikubaaqudgha
Qazlal
Ru
Trog
Vehumet
Xom
Zin
Jiyva
Lugonu

Shops:
D:5 :   D:9 [   D:10 *   Orc:2 [[![   Vaults:1 [   Vaults:3 *(*   Depths:1 ==}

Portals:
Hell: Depths:1 Depths:2
Abyss: Depths:1
Pandemonium: Depths:1 Depths:2
Ziggurat: Depths:2

Annotations:
Lair:3 KristoblXynda's ghost, journeyman DrGl


Message History

The caustic shrike is almost dead.
The storm dragon roars deafeningly!
You block the caustic shrike's attack. The caustic shrike claws you!
* * * LOW HITPOINT WARNING * * *
You are splashed with acid!
The acid burns!
You resist.
* * * LOW HITPOINT WARNING * * *
Casting: Iron Shot (safe; 1% risk of failure)
Confirm with . or Enter, or press ? or * to list all spells.
Aiming: Iron Shot (safe; 1% risk of failure)
Press: ? - help, Shift-Dir - straight line, f/p - caustic shrike
Aim: a caustic shrike (almost dead)
Okay, then.
The caustic shrike claws you.
* * * LOW HITPOINT WARNING * * *
You are splashed with acid!
The acid burns!
You resist.
* * * LOW HITPOINT WARNING * * *
The caustic shrike claws you!
* * * LOW HITPOINT WARNING * * *
You are splashed with acid!
The acid burns!
You resist.
You die...

#.#
'../.))'#
#.#
'....'''#
##'####'
''))''''#
.......'
'[''C'''#
.......'
''''''''#
..........
#C.#
.........+
##.#
.........##
#b#
#.........#
#@#
###.......#
#.#
.####.....#
#.#
...####...#
#.#
.....##...#
#.#
.....##...#
#.#
#....##..##
#.#
#....##..#
#.#
.....##..#
#.#


You could see a juggernaut and a caustic shrike.

Vanquished Creatures
  An ancient lich (Vaults:5)
  A juggernaut (Depths:2)
  Frederick (Vaults:4)
  Saint Roka (Vaults:3)
  A golden dragon (Vaults:5)
  A Hellbinder (WizLab)
  4 tentacled monstrosities (Vaults:5)
  Jorgrun (Shoals:3)
  4 titans (Vaults:5)
  3 liches
  Asterion (Depths:2)
  Polyphemus (Shoals:2)
  3 tentacled starspawn (Abyss:3)
  8 sphinxes
  Frances (Shoals:1)
  2 shadow dragons (Vaults:5)
  Donald (Orc:2)
  4 tengu reavers
  Ilsuiw (Shoals:4)
  4 storm dragons (Vaults:5)
  7 fire giants
  An iron dragon (Vaults:5)
  3 deep elf sorcerers
  6 emperor scorpions
  21 vault wardens
  5 ghost moths
  9 frost giants
  2 cacodemons (WizLab)
  An orc warlord (Orc:2)
  Aizul (Spider:1)
  A balrug (WizLab)
  A deep elf elementalist (Vaults:5)
  A war gargoyle (Vaults:5)
  A spriggan defender (Depths:2)
  17 ironheart preservers
  5 very ugly things
  9 stone giants
  6 entropy weavers
  A vampire knight (Depths:2)
  5 deep elf demonologists
  A deep elf annihilator (Vaults:2)
  A minotaur (Lab)
  A black sun (WizLab)
  2 lorocyprocas (WizLab)
  A spark wasp (shapeshifter) (Vaults:5)
  4 spark wasps
  3 deep elf death magi
  12 merfolk javelineers
  14 ettins
  Josephine (D:14)
  2 blizzard demons (IceCv)
  A green death (WizLab)
  6 fire dragons
  7 merfolk impalers
  A deep elf high priest (Vaults:5)
  4 rakshasas
  3 great orbs of eyes
  33 vault guards
  13 yaktaur captains
  6 hydras
  2 spriggan air magi (Depths:2)
  6 ice dragons
  11 centaur warriors
  2 death knights
  A catoblepas (Shoals:2)
  14 ogre magi
  2 hell beasts
  12 merfolk aquamancers
  2 merfolk avatars
  4 dancing weapons
  An alligator snapping turtle (Shoals:4)
  31 two-headed ogres
  5 deep troll shamans
  4 orc high priests (Orc:2)
  3 tengu warriors
  6 satyrs
  7 death yaks
  6 deep troll earth magi
  A shock serpent (shapeshifter) (Vaults:3)
  A vampire mage (Depths:2)
  Urug (Lair:2)
  2 soul eaters
  A spriggan berserker (Depths:2)
  5 deep elf knights
  2 sun demons
  2 wretched stars (Abyss:3)
  3 shadow wraiths
  An iron troll (Depths:2)
  2 sixfirhies (WizLab)
  39 deep trolls
  A storm dragon skeleton (Vaults:4)
  6 skeletal warriors
  A shadow demon (Depths:2)
  An entropy weaver zombie (Vaults:3)
  6 glowing orange brains
  13 sea snakes
  2 infernal demonspawn (Depths:2)
  6 unseen horrors
  3 flayed ghosts
  A shadow dragon zombie (Vaults:3)
  A tengu zombie (Vaults:4)
  2 starcursed masses (Abyss:3)
  7 wizards
  16 ironbrand convokers
  33 harpies
  4 necromancers
  15 orc knights
  6 phantasmal warriors
  7 deep elf archers
  A sphinx zombie (Vaults:3)
  16 deep elf magi
  14 fauns
  An orb spider (shapeshifter) (Depths:2)
  6 orc sorcerers
  45 ugly things
  A harpy (shapeshifter) (Depths:1)
  15 orb spiders
  3 oklob plants
  A shadow dragon skeleton (Vaults:3)
  A frost giant zombie (Vaults:2)
  A stone giant zombie (Vaults:2)
  44 wolf spiders
  A fire giant zombie (Vaults:3)
  2 cyclopes
  8 manticores
  2 worldbinders (Abyss:3)
  24 elephants
  4 rust devils
  A frost giant skeleton (Vaults:3)
  6 black mambas
  2 moths of wrath (shapeshifter) (Depths:1)
  An ice statue (IceCv)
  10 merfolk sirens
  A guardian serpent (shapeshifter) (Depths:2)
  6 moths of wrath
  3 orange demons (WizLab)
  6 water nymphs
  A black mamba (shapeshifter) (Vaults:1)
  An apocalypse crab (Abyss:3)
  11 vault sentinels
  10 spiny frogs
  An eye of devastation (shapeshifter) (Vaults:5)
  A smoke demon (Abyss:3)
  2 gargoyles
  An orc skeleton (Vaults:3)
  6 torpor snails
  43 yaktaurs
  3 anaconda simulacra (IceCv)
  10 freezing wraiths
  A komodo dragon (shapeshifter) (Vaults:5)
  2 hellions (WizLab)
  8 ice devils
  A minotaur zombie (Lab)
  12 komodo dragons
  12 demonic crawlers
  An entropy weaver simulacrum (Vaults:3)
  2 tormentors (WizLab)
  4 tengu conjurers
  2 red devils
  A golden dragon simulacrum (IceCv)
  4 hellwings (WizLab)
  9 trolls
  25 merfolk
  44 jumping spiders
  A meliai (shapeshifter) (Vaults:2)
  3 polar bears (Lair:6)
  A hornet (shapeshifter) (Vaults:4)
  13 tyrant leeches (Spider:4)
  4 human skeletons
  14 hornets
  20 slime creatures
  2 polar bears (shapeshifter)
  29 blink frogs
  A sphinx simulacrum (Vaults:3)
  A blink frog (shapeshifter) (Vaults:2)
  A fire giant simulacrum (Vaults:4)
  A meliai zombie (D:15)
  16 dream sheep
  6 wind drakes
  8 snapping turtles
  10 hippogriffs
  6 raiju (Abyss:3)
  Sigmund (D:3)
  102 redbacks
  4 flying skulls (Depths:1)
  6 large abominations (Abyss:3)
  12 water elementals
  22 tarantellas
  14 spriggans (Lair:6)
  4 dire elephant simulacra (IceCv)
  4 fire bats (Abyss:3)
  A human (D:7)
  2 wyverns
  Grum (D:11)
  8 wraiths
  3 small abominations (Abyss:3)
  4 hogs (D:7)
  A fire bat (shapeshifter) (Vaults:5)
  A basilisk (Lair:6)
  39 yaks
  3 neqoxecs (WizLab)
  2 hungry ghosts
  4 chaos spawn (WizLab)
  2 swamp worms (Spider:4)
  12 wargs
  Menkaure (D:6)
  2 iron troll simulacra (IceCv)
  2 spatial vortices (Abyss:3)
  5 harpy simulacra (IceCv)
  Edmund (D:4)
  A deep troll zombie (Vaults:3)
  A water moccasin (shapeshifter) (Vaults:5)
  2 acid dragons
  3 soldier ants
  4 hydra simulacra (IceCv)
  17 water moccasins
  9 porcupines
  49 orc warriors
  3 ice beasts
  An alligator simulacrum (IceCv)
  5 black bears
  2 sky beasts
  A sky beast (shapeshifter) (Vaults:4)
  An eye of draining (shapeshifter) (Depths:2)
  A human zombie (Vaults:2)
  A black bear (shapeshifter) (Depths:1)
  2 necrophages
  12 boggarts
  2 eyes of draining
  A phantom (D:7)
  35 wolves
  17 centaurs
  53 ogres
  15 crocodiles
  20 bullfrogs
  3 big kobolds
  A gnoll sergeant (D:7)
  A water moccasin zombie (D:11)
  6 scorpions
  2 wyvern skeletons
  A wight (Vaults:3)
  4 howler monkeys
  5 electric eels
  A bullfrog zombie (D:11)
  2 crimson imps
  A human simulacrum (Vaults:3)
  5 quasits
  2 centaur zombies
  15 orc priests
  2 draconian simulacra (IceCv)
  4 hounds
  6 jellies
  2 bullfrog skeletons (D:8)
  An iron imp (Abyss:3)
  6 centaur skeletons
  2 gnoll shamans (D:4)
  3 iguanas
  24 orc wizards
  3 spriggan simulacra (IceCv)
  5 worker ants
  3 troll simulacra (IceCv)
  A wolf simulacrum (IceCv)
  A centaur simulacrum (IceCv)
  2 howler monkey zombies
  7 adders
  An adder (shapeshifter) (Depths:1)
  10 gnolls
  A howler monkey skeleton (D:9)
  4 naga simulacra (IceCv)
  4 ogre simulacra (IceCv)
  6 shadow imps
  16 white imps
  8 ufetubi
  3 adder zombies
  An adder skeleton (D:4)
  2 dart slugs
  6 leopard geckos
  90 orcs
  6 bats
  A giant cockroach (shapeshifter) (Depths:1)
  2 giant cockroaches
  5 goblins
  6 hobgoblins
  5 jackals
  18 kobolds
  6 quokkas
  2 ball pythons
  5 frilled lizards
  A jackal zombie (D:6)
  5 rats
  A bush (Lair:6)
  8 fungi
  A lurking horror (Abyss:3)
  25 plants
  A starspawn tentacle (Abyss:3)
2046 creatures vanquished.

Vanquished Creatures (collateral kills)
  3 ironheart preservers (Vaults:4)
  An ironbrand convoker (Vaults:3)
  A tarantella (Vaults:4)
5 creatures vanquished.

Vanquished Creatures (others)
  39 fire vortices
  72 fungi
  120 plants
  3 starspawn tentacles (Abyss:3)
234 creatures vanquished.

Grand Total: 2285 creatures vanquished

Notes
Turn   | Place    | Note
-------+----------+-------------------------------------------
     0 | D:1      | nikopol the Deep Elf Fire Elementalist began the quest for the Orb.
     0 | D:1      | Reached XP level 1. HP: 10/10 MP: 6/6
   140 | D:1      | Reached XP level 2. HP: 15/15 MP: 6/8
   587 | D:2      | Reached XP level 3. HP: 19/19 MP: 3/9
   598 | D:2      | Learned a level 2 spell: Throw Flame
   602 | D:2      | Learned a level 3 spell: Conjure Flame
  1060 | D:3      | Found a sacrificial altar of Ru.
  1319 | D:3      | Noticed a black bear
  1656 | D:3      | Reached XP level 4. HP: 24/24 MP: 9/11
  1723 | D:3      | Reached skill level 4 in Spellcasting
  1791 | D:3      | Killed a black bear
  1791 | D:3      | Reached XP level 5. HP: 24/28 MP: 8/14
  1954 | D:3      | Noticed Sigmund
  1965 | D:3      | Learned a level 4 spell: Sticky Flame
  2321 | D:3      | Killed Sigmund
  2321 | D:3      | Reached skill level 5 in Spellcasting
  2321 | D:3      | Reached skill level 5 in Fire Magic
  2321 | D:3      | Reached XP level 6. HP: 2/32 MP: 3/16
  3003 | D:4      | Noticed Edmund
  3043 | D:4      | Reached skill level 6 in Spellcasting
  3043 | D:4      | Reached XP level 7. HP: 37/37 MP: 8/18
  3335 | D:4      | Found a white marble altar of Elyvilon.
  3347 | D:4      | Found a snail-covered altar of Cheibriados.
  3350 | D:4      | Found a glowing silver altar of Zin.
  3712 | D:4      | Learned a level 5 spell: Fireball
  3737 | D:4      | Killed Edmund
  4152 | D:4      | Reached skill level 7 in Spellcasting
  4214 | D:5      | Entered Level 5 of the Dungeon
  4280 | D:5      | Reached skill level 5 in Conjurations
  4330 | D:5      | Found an opulent altar of Gozag.
  4335 | D:5      | Reached XP level 8. HP: 42/42 MP: 13/21
  4491 | D:5      | Found Jihyvvus's Book Shoppe.
  4675 | D:5      | Found a shimmering altar of Xom.
  4676 | D:5      | Found a stormy altar of Qazlal.
  4677 | D:5      | Found a hazy altar of Hepliaklqana.
  4677 | D:5      | Found an ancient bone altar of Kikubaaqudgha.
  4678 | D:5      | Found a bloodstained altar of Trog.
  5243 | D:6      | Reached skill level 8 in Spellcasting
  5416 | D:6      | Found a blossoming altar of Fedhas.
  5600 | D:6      | Noticed Menkaure
  5604 | D:6      | Killed Menkaure
  5643 | D:6      | Reached skill level 9 in Spellcasting
  5726 | D:7      | Found a radiant altar of Vehumet.
  5732 | D:7      | Became a worshipper of Vehumet
  5870 | D:7      | Reached XP level 9. HP: 46/46 MP: 16/24
  5871 | D:7      | Found a staircase to the Ecumenical Temple.
  6824 | D:7      | Reached skill level 10 in Spellcasting
  7047 | D:7      | Reached skill level 1 in Fighting
  7462 | D:7      | Reached skill level 11 in Spellcasting
  7955 | D:8      | Reached * piety under Vehumet
  7955 | D:8      | Offered knowledge of Shock by Vehumet.
  8245 | D:8      | Noticed a two-headed ogre
  8254 | D:8      | Killed a two-headed ogre
  8254 | D:8      | Reached XP level 10. HP: 19/52 MP: 6/27
  9247 | D:9      | Offered knowledge of Freeze by Vehumet.
  9247 | D:9      | Reached ** piety under Vehumet
  9253 | D:9      | Reached skill level 12 in Spellcasting
  9813 | D:9      | Found Osep's Antique Armour Emporium.
  9821 | D:9      | Bought an embroidered robe for 107 gold pieces
 10497 | D:10     | Entered Level 10 of the Dungeon
 10790 | D:10     | Offered knowledge of Throw Frost by Vehumet.
 11056 | D:10     | Found Hucij's General Store.
 11099 | D:10     | Found a staircase to the Orcish Mines.
 11379 | D:11     | Found a frozen archway.
 11739 | D:10     | Reached *** piety under Vehumet
 12069 | D:11     | Reached skill level 10 in Fire Magic
 12115 | D:11     | Learned a level 6 spell: Iron Shot
 12121 | D:11     | Learned a level 5 spell: Bolt of Magma
 12160 | D:11     | Noticed Grum
 12162 | D:11     | Reached skill level 10 in Conjurations
 12163 | D:11     | Killed Grum
 12163 | D:11     | Offered knowledge of Stone Arrow by Vehumet.
 12163 | D:11     | Reached XP level 11. HP: 57/57 MP: 19/29
 12163 | D:11     | Reached skill level 13 in Spellcasting
 12356 | D:11     | Reached skill level 5 in Dodging
 12519 | D:11     | Reached **** piety under Vehumet
 12673 | D:11     | Offered knowledge of Mephitic Cloud by Vehumet.
 12879 | D:11     | Found a staircase to the Lair.
 12883 | D:11     | Noticed a death knight
 12883 | D:11     | Noticed a skeletal warrior
 12886 | D:11     | Killed a skeletal warrior
 12886 | D:11     | Reached skill level 14 in Spellcasting
 12891 | D:11     | Killed a death knight
 12891 | D:11     | Reached skill level 1 in Shields
 13292 | Lair:1   | Entered Level 1 of the Lair of Beasts
 13612 | Lair:1   | Noticed an oklob plant
 14688 | Lair:1   | Noticed an oklob plant
 14690 | Lair:1   | Killed an oklob plant
 14690 | Lair:1   | Reached skill level 1 in Earth Magic
 14690 | Lair:1   | Reached XP level 12. HP: 62/62 MP: 21/32
 14924 | Lair:2   | Reached skill level 15 in Spellcasting
 15132 | Lair:2   | Reached ***** piety under Vehumet
 15305 | Lair:2   | Noticed Urug
 15307 | Lair:2   | Killed Urug
 15435 | Lair:2   | Offered knowledge of Bolt of Draining by Vehumet.
 15650 | Lair:2   | Noticed a five-headed hydra
 15654 | Lair:2   | Killed a five-headed hydra
 16346 | Lair:3   | Noticed KristoblXynda's ghost (journeyman DrGl)
 16648 | Lair:3   | Reached skill level 5 in Stealth
 16686 | Lair:3   | Noticed a six-headed hydra
 16885 | Lair:3   | Reached skill level 16 in Spellcasting
 16969 | Lair:3   | Killed a six-headed hydra
 17143 | Lair:3   | Found a hole to the Spider Nest.
 17272 | Lair:3   | Reached XP level 13. HP: 66/66 MP: 31/35
 18493 | Lair:4   | Found a staircase to the Shoals.
 19392 | Lair:5   | Offered knowledge of Ozocubu's Refrigeration by Vehumet.
 19484 | Lair:5   | Reached skill level 17 in Spellcasting
 19730 | Lair:5   | Found a labyrinth entrance.
 19739 | Lab      | Entered a labyrinth
 20071 | Lab      | Found the +8 trident of the Octopus King {venom, rElec rPois MR+}
 20417 | Lab      | Noticed a minotaur
 20424 | Lab      | Killed a minotaur
 21395 | Lair:6   | Entered Level 6 of the Lair of Beasts
 21621 | Lair:6   | Reached XP level 14. HP: 52/72 MP: 19/37
 21867 | Lair:6   | Reached skill level 18 in Spellcasting
 22164 | Lair:6   | Found a staircase to the Slime Pits.
 22229 | Lair:6   | Offered knowledge of Freezing Cloud by Vehumet.
 23628 | Orc:1    | Entered Level 1 of the Orcish Mines
 23740 | Orc:1    | Reached skill level 19 in Spellcasting
 23826 | Orc:2    | Entered Level 2 of the Orcish Mines
 24044 | Orc:2    | Found a staircase to the Elven Halls.
 24625 | Orc:2    | Noticed an orc warlord
 24630 | Orc:2    | Killed an orc warlord
 24860 | Orc:2    | Noticed Donald
 25033 | Orc:2    | Killed Donald
 25197 | Orc:2    | Reached skill level 15 in Fire Magic
 25199 | Orc:2    | Reached XP level 15. HP: 76/76 MP: 23/40
 25339 | Orc:2    | Found Jeder's Armour Boutique.
 25339 | Orc:2    | Found Atariy's Antique Armour Boutique.
 25340 | Orc:2    | Found Noguqiwn's Armour Shoppe.
 25340 | Orc:2    | Found Esaas's Distillery.
 25354 | Orc:2    | Bought the +2 helmet of the Abyss {rElec} for 427 gold pieces
 25366 | Orc:2    | Bought a shiny shield for 255 gold pieces
 25369 | Orc:2    | Bought a potion of haste for 120 gold pieces
 25369 | Orc:2    | Bought a potion of heal wounds for 60 gold pieces
 25369 | Orc:2    | Bought a potion of magic for 96 gold pieces
 25828 | D:12     | Offered knowledge of Bolt of Cold by Vehumet.
 26519 | D:13     | Reached skill level 15 in Conjurations
 27295 | D:14     | Identified 2 scrolls of acquirement
 27305 | D:14     | Got a fine ruby amulet
 27306 | D:14     | Identified the Incunabulum of the Helpful Glacier (You acquired it on level 14 of the Dungeon)
 27458 | D:14     | Noticed Josephine
 27460 | D:14     | Killed Josephine
 28017 | D:14     | Reached skill level 20 in Spellcasting
 28031 | D:14     | Reached skill level 5 in Shields
 28140 | D:14     | Found a gate to the Vaults.
 28228 | D:14     | Identified the amulet of Ihicesu {+Blink rF+ rC+ MR- Regen+} (You acquired it on level 14 of the Dungeon)
 28256 | D:15     | Entered Level 15 of the Dungeon
 29043 | D:15     | Reached skill level 5 in Earth Magic
 29498 | D:15     | Learned a level 2 spell: Blink
 29857 | D:15     | Found a viscous altar of Jiyva.
 30172 | D:15     | Found a staircase to the Depths.
 30390 | Shoals:1 | Entered Level 1 of the Shoals
 30391 | Shoals:1 | Reached XP level 16. HP: 81/81 MP: 42/42
 30418 | Shoals:1 | Offered knowledge of Conjure Ball Lightning by Vehumet.
 31053 | Shoals:1 | Noticed Frances
 31057 | Shoals:1 | Killed Frances
 31703 | Shoals:2 | Reached ****** piety under Vehumet
 31792 | Shoals:2 | Noticed Polyphemus
 31797 | Shoals:2 | Killed Polyphemus
 31797 | Shoals:2 | Reached skill level 21 in Spellcasting
 31990 | Shoals:2 | Got an ominously black robe
 32001 | Shoals:2 | Identified the +1 robe "Seily" {Dex+9} (You found it on level 2 of the Shoals)
 32305 | Shoals:3 | Found a frozen archway.
 32324 | IceCv    | Entered an ice cave
 32839 | IceCv    | Offered knowledge of Bolt of Fire by Vehumet.
 32849 | IceCv    | Learned a level 8 spell: Ignition
 33034 | IceCv    | Found the ring of the Octopus King
 33042 | IceCv    | Got a ring of the Octopus King
 33061 | IceCv    | Identified a ring of the Octopus King {AC+1 EV+1 Str+1 Int+1 Dex+1 SInv} (You found it in an ice cave)
 33389 | Shoals:3 | Noticed Jorgrun
 33393 | Shoals:3 | Killed Jorgrun
 33772 | Shoals:3 | Reached XP level 17. HP: 86/86 MP: 40/44
 34017 | Shoals:4 | Entered Level 4 of the Shoals
 34026 | Shoals:4 | Noticed Ilsuiw
 34032 | Shoals:4 | Killed Ilsuiw
 34156 | Shoals:4 | Offered knowledge of Poison Arrow by Vehumet.
 34500 | Shoals:4 | Reached skill level 22 in Spellcasting
 35197 | Shoals:4 | Got a warped platinum ring
 35200 | Shoals:4 | Got a dull robe
 35201 | Shoals:4 | Identified the ring of Suspected Treachery {rElec rPois rF+ Int+3 Dex+6} (You took it off a merfolk on level 4 of the Shoals)
 35204 | Shoals:4 | Identified the cursed +0 robe "Hisub" {+Fly rF+ Str+5} (You found it on level 4 of the Shoals)
 35503 | Shoals:4 | Got a barnacled rune of Zot
 36092 | Spider:1 | Entered Level 1 of the Spider Nest
 36375 | Spider:1 | Noticed Aizul
 36380 | Spider:1 | Killed Aizul
 36633 | Spider:1 | Offered knowledge of Fire Storm by Vehumet.
 36633 | Spider:1 | Offered knowledge of Glaciate by Vehumet.
 36633 | Spider:1 | Offered knowledge of Chain Lightning by Vehumet.
 37293 | Spider:2 | Reached XP level 18. HP: 91/91 MP: 26/46
 37798 | Spider:2 | Got a pair of jewelled boots
 37944 | Spider:2 | Learned a level 9 spell: Fire Storm
 38672 | Spider:3 | Reached skill level 23 in Spellcasting
 39498 | Spider:4 | Entered Level 4 of the Spider Nest
 40694 | Spider:4 | Reached skill level 10 in Shields
 40763 | Spider:4 | Identified the +2 pair of boots of the Oligarchy {rF- rC++ SInv Stlth+} (You acquired it on level 2 of the Spider Nest)
 42061 | Spider:4 | Reached XP level 19. HP: 95/95 MP: 18/48
 42189 | Spider:4 | Got a gossamer rune of Zot
 42538 | Vaults:1 | Entered Level 1 of the Vaults
 42801 | Vaults:1 | Reached skill level 24 in Spellcasting
 43194 | Vaults:1 | Cast into level 3 of the Abyss (a deep elf demonologist)
 43732 | Vaults:1 | Escaped the Abyss
 44829 | Vaults:1 | Found Itteimih's Antique Armour Shop.
 44839 | Vaults:1 | Bought a ripped robe for 125 gold pieces
 44839 | Vaults:1 | Bought a heavy robe for 125 gold pieces
 44839 | Vaults:1 | Found the heavy robe
 44850 | Vaults:1 | Identified the cursed +1 robe "Tiapsius" {Str+6} (You bought it in a shop on level 1 of the Vaults)
 44861 | Vaults:1 | Identified the cursed -5 robe of Misfortune {-Cast *Contam *Tele *Drain EV-5 Stlth-- *Curse} (You bought it in a shop on level 1 of the Vaults)
 45852 | Vaults:1 | Reached XP level 20. HP: 88/100 MP: 33/50
 46407 | Vaults:2 | Reached skill level 25 in Spellcasting
 46428 | Vaults:1 | Reached skill level 1 in Evocations
 47586 | Vaults:2 | Found a radiant altar of Vehumet.
 48278 | Vaults:3 | Found a magical portal.
 48441 | WizLab   | Entered The Hall of the Hellbinder
 49221 | WizLab   | Found a burning altar of Makhleb.
 49429 | WizLab   | Noticed Myoxtook
 49437 | WizLab   | Killed Myoxtook the Hellbinder
 49442 | WizLab   | Got a spiked cloak
 49444 | WizLab   | Identified Nenuar's Disquisition on Summoning
 49446 | WizLab   | Identified the +0 cloak "David" {Str+3 Dex+2} (You found it in a wizard's laboratory)
 49504 | WizLab   | Identified Ymo Viu's Grimoire of Damaging Shape Shifting
 49507 | WizLab   | Got a brightly glowing gossamer ring
 49517 | WizLab   | Identified the ring "Gocki" {+Fly rF++ rC+ Str+2} (You found it in a wizard's laboratory)
 49527 | WizLab   | Got a faintly glowing pewter ring
 49595 | WizLab   | Identified the ring "Ixkot" {rCorr *Drain rF+ Str+10} (You found it in a wizard's laboratory)
 49875 | Vaults:3 | Reached XP level 21. HP: 104/104 MP: 39/52
 50283 | Vaults:3 | Found a staircase to the Crypt.
 50374 | Vaults:3 | Noticed Saint Roka
 50381 | Vaults:3 | Killed Saint Roka
 50821 | Vaults:3 | Found Gozag's Assorted Antiques.
 50826 | Vaults:3 | Found an opulent altar of Gozag.
 50826 | Vaults:3 | Found Gozag's Antique Weapon Emporium.
 50836 | Vaults:3 | Found Gozag's Assorted Antiques.
 51106 | Vaults:3 | Bought a scroll of enchant armour for 750 gold pieces
 51106 | Vaults:3 | Bought a steaming turquoise ring for 500 gold pieces
 51106 | Vaults:3 | Bought a shiny buckler for 750 gold pieces
 51151 | Vaults:3 | Identified the ring of Mom Kavea {rN+ SInv} (You bought it in a shop on level 3 of the Vaults)
 51318 | Vaults:3 | Reached skill level 26 in Spellcasting
 52118 | Vaults:4 | Reached skill level 1 in Translocations
 52155 | Vaults:4 | Noticed Frederick
 52174 | Vaults:4 | Killed Frederick
 53321 | Vaults:5 | Entered Level 5 of the Vaults
 53322 | Vaults:5 | Reached XP level 22. HP: 110/110 MP: 54/54
 53743 | Vaults:5 | Reached skill level 27 in Spellcasting
 54030 | Vaults:5 | Noticed a golden dragon
 54038 | Vaults:5 | Reached skill level 10 in Earth Magic
 54039 | Vaults:5 | Killed a golden dragon
 54420 | Vaults:5 | Paralysed by a sphinx for 3 turns
 54640 | Vaults:5 | Noticed an ancient lich
 54646 | Vaults:5 | Killed an ancient lich
 55057 | Vaults:5 | Reached XP level 23. HP: 84/114 MP: 47/56
 55260 | Vaults:5 | Identified the Incunabulum of Creation
 56009 | Vaults:5 | Learned a level 9 spell: Tornado
 56219 | Vaults:5 | Identified the Tome of Ice
 56264 | Vaults:5 | Identified the Disquisition on Companions and Combat Magic
 56494 | Vaults:5 | Got a silver rune of Zot
 56773 | Depths:1 | Entered Level 1 of the Depths
 56776 | Depths:1 | Found a one-way gate to the infinite horrors of the Abyss.
 57250 | Depths:1 | Found a corrupted altar of Lugonu.
 57258 | Depths:1 | Identified Lugonu's Incunabulum of Combat Magic
 57618 | Depths:1 | Found a one-way gate leading to the halls of Pandemonium.
 57654 | Depths:1 | Found Gaaraef's Gadget Shoppe.
 57654 | Depths:1 | Found Panajug's Jewellery Boutique.
 57655 | Depths:1 | Found Sovvoo's Jewellery Boutique.
 57898 | Depths:1 | Found a gateway to Hell.
 58178 | Depths:2 | Found a gateway to a ziggurat.
 58214 | Depths:2 | Found a huge runed gate.
 58214 | Depths:2 | Found a huge runed gate.
 58215 | Depths:2 | Found a huge runed gate.
 58216 | Depths:2 | Found a huge runed gate.
 58227 | Depths:2 | Found a huge runed gate.
 58227 | Depths:2 | Found a huge runed gate.
 58228 | Depths:2 | Found a huge runed gate.
 58266 | Depths:2 | Found a huge runed gate.
 58266 | Depths:2 | Found a huge runed gate.
 58527 | Depths:2 | Noticed Asterion
 58533 | Depths:2 | Killed Asterion
 59258 | Depths:2 | Reached XP level 24. HP: 121/121 MP: 56/56
 59302 | Depths:2 | Found a huge runed gate.
 59302 | Depths:2 | Found a huge runed gate.
 59306 | Depths:2 | Found a huge runed gate.
 59311 | Depths:2 | Noticed a juggernaut
 59318 | Depths:2 | Killed a juggernaut
 59318 | Depths:2 | Noticed a juggernaut
 59321 | Depths:2 | HP: 4/121 [caustic shrike (16)]
 59321 | Depths:2 | Splashed by a caustic shrike's acid

Vault maps used:
D:1:      minmay_arrival_five_plusses, serial_glass, glass_columns_a,
          glass_columns_c
D:3:      nicolae_ru_great_annihilating_truth, kennysheep_another_room,
          uniq_sigmund
D:4:      lemuel_doored_altar, minitemple, first_ration, grunt_decor_one_mirror,
          uniq_edmund
D:5:      old_standard_altar, grunt_temple_overflow_open, serial_shops,
          nicolae_shop_waterfront
D:6:      nrook_uturn, fedhas_altar_fruit_tree, uniq_menkaure
D:7:      nicolae_overflow_crystal_walls, minmay_temple_entry_statues_pillars,
          grunt_livestock
D:9:      serial_shops, shop, minivault_24
D:10:     orc_0_dummy, serial_shops, shop_fountains
D:11:     due_lair_maze_entry_diamond, portal_ice_cave_entry_imps,
          nooodl_orcs_dogs, uniq_grum
D:13:     kennysheep_generic_room_11
D:14:     erik_vaults_1, uniq_josephine
D:15:     grunt_enter_depths_snipers, jiyva_altar_1
Lair:1:   minmay_lair_oklob_chamber, grunt_megastairs_2
Lair:2:   grunt_forest_small_clearings, lemuel_fruit_fields,
          serial_bayou_shore_a, grunt_megastairs_3, infiniplex_staircase_pool,
          uniq_urug
Lair:3:   spider_nest_entry_funnel_web, beast_lair_carwin_2
Lair:4:   elwin_shoals_entry_stream, dpeg_stationary_puzzle
Lair:5:   lab_entry_generic
Lair:6:   minmay_lair_end_enchanted_forest, slime_dummy
Shoals:1: uniq_frances
Shoals:2: nicolae_shoals_aquamancer_cove, uniq_polyphemus
Shoals:3: portal_ice_cave_entry_pillars_1, nicolae_shoals_isolated_beach,
          uniq_jorgrun
Shoals:4: shoals_end_grunt_garden, shoal_ilsuiw
Spider:1: nicolae_spider_nook, uniq_aizul
Spider:4: grunt_spider_rune_parallel, worms_lemuel
Orc:1:    nicolae_orc_rich_vein
Orc:2:    st_orc_elflike, uniq_donald
Vaults:1: grunt_vaults_trifunnel, nicolae_vaults_hallways_thing,
          vaults_dpeg_ring, hangedman_vaults_impose,
          nicolae_vaults_puzzle_piece, grunt_vaults_funnel,
          nicolae_vaults_network_s, nicolae_vaults_little_squares_2,
          v_pattern_2, vaults_room_grid, vaults_mumra_lcd,
          ontoclasm_vaults_pinch, serial_shops, shop
Vaults:2: v_misc_3, v_misc_5, ontoclasm_vaults_ring_square,
          vaults_mumra_hexcomb, ontoclasm_vaults_idyll,
          vaults_dpeg_encased_lava, vaults_room_door_hall,
          vaults_mumra_minichess, hangedman_vaults_impose, vaults_room_fours,
          grunt_tower_of_power, grunt_vaults_hallway_short,
          grunt_vaults_hallway_short
Vaults:3: nicolae_vaults_rhombus_7, grunt_vaults_focal,
          hangedman_vaults_restitches, nicolae_vaults_twisting_passages,
          nicolae_vaults_little_squares_1, minmay_crypt_entry_simple_plaza,
          nicolae_vaults_asterisk, kennysheep_vaults_gozag_temple,
          ontoclasm_vaults_eye, nicolae_vaults_network_quinsquares,
          hangedman_vaults_stagger, v_misc_9, vaults_room_door_ring,
          infiniplex_enter_wizlab_glasses, uniq_saint_roka
Vaults:4: hangedman_vaults_slither, v_misc_17, nicolae_vaults_big_angled_halls,
          nicolae_vaults_mini_display_case, ontoclasm_vaults_ring_small,
          v_misc_22, grunt_vaults_hallway_long, nicolae_vaults_gold_heap,
          nicolae_vaults_three_branches, uniq_frederick
Depths:1: pan_entry, hangedman_abyss_entry_splay, grunt_mini_vestibule,
          minmay_strange_pillars, tgw_lugonu_bribe, kennysheep_random_hallway,
          minmay_shop_grove
Depths:2: evilmike_inaccessible_box, enter_ziggurat_b, hell_entry,
          nicolae_two_hexagons, grunt_pan_entry_spiral, serial_bayou_lagoon_a,
          door_vault, uniq_asterion
Abyss:3:  bh_abyss_exit_spiral, evilmike_abyss_rune_tso_outpost
Lab:      labyrinth_hidden_loot, nicolae_lab_dead_end, labyrinth_glass_2
IceCv:    ice_cave_caverns_01
WizLab:   wizlab_demon

Skill      XL: |  1  2  3  4  5  6  7  8  9 10 11 12 13 14 15 16 17 18 19 20 21 22 23 24 |
---------------+-------------------------------------------------------------------------+-----
Fire Magic     | 4 5 6 7 9 10 11 12 13 15 16 17 18 19 20 22 23 | 23.2
Spellcasting   | 4 5 6 7 9 11 12 14 16 17 19 20 21 22 23 24 25 26 27 | 27.0
Conjurations   | 2 3 4 5 7 8 10 11 12 13 14 15 16 17 18 19 20 | 20.8
Stealth        | 3 4 5 |  5.9
Dodging        | 3 4 5 6 7 8 |  8.5
Fighting       | 1 2 3 4 |  4.1
Shields        | 2 4 5 7 9 10 11 12 13 14 | 14.5
Earth Magic    | 1 2 3 5 6 8 9 10 11 12 | 12.0
Evocations     | 2 |  2.3
Translocations | 1 2 |  2.1
Air Magic      | 3 |  3.1
Short Blades   | |  0.4

Action                   |  1- 3 |  4- 6 |  7- 9 | 10-12 | 13-15 | 16-18 | 19-21 | 22-24 || total
-------------------------+-------+-------+-------+-------+-------+-------+-------+-------++-------
Melee: Dagger            |       |       |     2 |    22 |       |       |       |       ||    24
       Staff             |       |       |       |       |     1 |       |       |       ||     1
 Cast: Flame Tongue      |    53 |    35 |   240 |   309 |   284 |   303 |   148 |    22 ||  1394
       Throw Flame       |     1 |     7 |    11 |    29 |    23 |    53 |     8 |     2 ||   134
       Conjure Flame     |       |     3 |    12 |    10 |     6 |       |     2 |       ||    33
       Sticky Flame      |       |     2 |    16 |    80 |    77 |    69 |    33 |     3 ||   280
       Fireball          |       |       |    12 |    87 |   208 |   236 |   172 |    60 ||   775
       Iron Shot         |       |       |       |     9 |    69 |    20 |   119 |    93 ||   310
       Bolt of Magma     |       |       |       |       |    67 |    91 |   110 |    48 ||   316
       Ignition          |       |       |       |       |       |    83 |    68 |    72 ||   223
       Fire Storm        |       |       |       |       |       |     1 |    14 |     8 ||    23
       Blink             |       |       |       |       |       |       |     7 |     2 ||     9
 Abil: Evoke Blink       |       |       |       |       |       |     1 |     1 |       ||     2
Evoke: Wand              |       |       |       |     3 |     1 |       |    16 |       ||    20
  Use: Potion            |     1 |       |       |       |     3 |       |     3 |     2 ||     9
       Scroll            |       |     3 |       |    12 |    22 |    10 |    14 |     6 ||    67
  Eat: Chunk             |     2 |     5 |    17 |    30 |    38 |    27 |    23 |    16 ||   158
       Ration            |       |       |       |     1 |     1 |     5 |     3 |     1 ||    11
Armor: Robe              |     8 |       |     6 |    39 |    18 |    53 |    33 |    12 ||   169
Dodge: Dodged            |    32 |     6 |    36 |   154 |   101 |   126 |   110 |    41 ||   606
Block: Buckler           |       |       |       |    10 |    38 |    53 |    70 |    33 ||   204

Table legend:
 A = Spawn XP
 B = Non-spawn XP
 C = Spawn XP percentage of total XP
 D = Spawn monster count
 E = Non-spawn monster count
 F = Spawn count percentage of total count
 G = Total turns spent on level
                    A         B        C        D         E        F      G
               +---------+---------+-------+---------+---------+-------+---------
         Total |   17538 |  963663 |   1.8 |      36 |    1977 |   1.8 | 59321
               +---------+---------+-------+---------+---------+-------+---------
           D:1 |       0 |      32 |   0.0 |       0 |      17 |   0.0 |   457
           D:2 |       0 |      15 |   0.0 |       0 |       6 |   0.0 |   918
           D:3 |       0 |     455 |   0.0 |       0 |      20 |   0.0 |  1367
           D:4 |       0 |     751 |   0.0 |       0 |      28 |   0.0 |  1472
           D:5 |       0 |     431 |   0.0 |       0 |      11 |   0.0 |   956
           D:6 |       0 |     751 |   0.0 |       0 |      16 |   0.0 |   549
           D:7 |       0 |    2550 |   0.0 |       0 |      27 |   0.0 |  1903
           D:8 |       0 |    2335 |   0.0 |       0 |      32 |   0.0 |  1490
           D:9 |       0 |    1385 |   0.0 |       0 |      26 |   0.0 |  1385
          D:10 |       0 |     957 |   0.0 |       0 |      33 |   0.0 |  1572
          D:11 |       0 |    7965 |   0.0 |       0 |      55 |   0.0 |  1354
          D:12 |       0 |    4376 |   0.0 |       0 |      16 |   0.0 |   635
          D:13 |       0 |    7568 |   0.0 |       0 |      26 |   0.0 |  1082
          D:14 |       0 |    8655 |   0.0 |       0 |      27 |   0.0 |  1509
          D:15 |       0 |   22754 |   0.0 |       0 |      51 |   0.0 |  1719
        Lair:1 |       0 |    5283 |   0.0 |       0 |      27 |   0.0 |  1633
        Lair:2 |       0 |    6773 |   0.0 |       0 |      31 |   0.0 |  1827
        Lair:3 |       0 |    8823 |   0.0 |       0 |      28 |   0.0 |  1268
        Lair:4 |       0 |   10874 |   0.0 |       0 |      42 |   0.0 |  1666
        Lair:5 |       0 |    8369 |   0.0 |       0 |      27 |   0.0 |  1237
        Lair:6 |       0 |   30145 |   0.0 |       0 |     104 |   0.0 |  1808
      Shoals:1 |       0 |   17566 |   0.0 |       0 |      34 |   0.0 |  1212
      Shoals:2 |       0 |   13371 |   0.0 |       0 |      18 |   0.0 |   744
      Shoals:3 |       0 |   26296 |   0.0 |       0 |      45 |   0.0 |  1347
      Shoals:4 |       0 |   47462 |   0.0 |       0 |      69 |   0.0 |  1565
      Spider:1 |       0 |   17738 |   0.0 |       0 |      42 |   0.0 |  1196
      Spider:2 |       0 |   23702 |   0.0 |       0 |      68 |   0.0 |  1321
      Spider:3 |       0 |   11201 |   0.0 |       0 |      33 |   0.0 |  1459
      Spider:4 |       0 |   56710 |   0.0 |       0 |     130 |   0.0 |  2336
         Orc:1 |       0 |    4218 |   0.0 |       0 |      26 |   0.0 |   665
         Orc:2 |       0 |   15766 |   0.0 |       0 |      68 |   0.0 |  1282
      Vaults:1 |       0 |   79580 |   0.0 |       0 |     128 |   0.0 |  3153
      Vaults:2 |       0 |   58614 |   0.0 |       0 |      94 |   0.0 |  2009
      Vaults:3 |       0 |   79128 |   0.0 |       0 |     124 |   0.0 |  2425
      Vaults:4 |       0 |   62586 |   0.0 |       0 |      71 |   0.0 |  2153
      Vaults:5 |       0 |  178669 |   0.0 |       0 |     150 |   0.0 |  2577
      Depths:1 |       0 |   38966 |   0.0 |       0 |      58 |   0.0 |  1398
      Depths:2 |       0 |   63855 |   0.0 |       0 |      72 |   0.0 |  1150
       Abyss:3 |   17538 |     687 |  96.2 |      36 |       1 |  97.3 |   538
           Lab |       0 |    1652 |   0.0 |       0 |       2 |   0.0 |  1049
         IceCv |       0 |   10491 |   0.0 |       0 |      59 |   0.0 |   773
        WizLab |       0 |   24158 |   0.0 |       0 |      35 |   0.0 |  1162
               +---------+---------+-------+---------+---------+-------+---------
